 Dungeon Crawl Stone Soup version 0.22-a0-307-g2b15929 (webtiles) character file.

78 grizmgrazm2 the Skirmisher (level 4, -2/40 HPs)
             Began as a Ghoul Abyssal Knight on Apr 1, 2018.
             Was a Believer of Lugonu.
             Slain by a gnoll
             ... wielding a +2 halberd of protection
              (3 damage)
             ... on level 2 of the Dungeon.
             The game lasted 00:05:38 (1363 turns).

grizmgrazm2 the Skirmisher (Ghoul Abyssal Knight)   Turns: 1363, Time: 00:05:38

Health: -2/40      AC:  6    Str: 16    XL:     4   Next: 36%
Magic:  4/4        EV: 12    Int:  7    God:    Lugonu [**....]
Gold:   98         SH:  0    Dex:  8    Spells: 3/3 levels left

rFire    . . .     SeeInvis .     - Unarmed
rCold    + + .     Gourm    .   (no shield)
rNeg     + + +     Faith    .   d - +0 scale mail
rPois    ∞         Spirit   .   (no helmet)
rElec    .         Reflect  .   (no cloak)
rCorr    .         Harm     .   (no gloves)
MR       .....                  (no boots)
Stlth    ..........             (no amulet)
HPRegen  0.00/turn              f - ring of protection from cold
MPRegen  0.09/turn              a - +3 ring of evasion

@: rotting
A: rotting body, claws 1, carnivore, cold resistance 1, negative energy
resistance 3, inhibited regeneration, torment resistance, unbreathing
a: Depart the Abyss, Bend Space, Renounce Religion


You were on level 2 of the Dungeon.
You worshipped Lugonu.
Lugonu was pleased with you.
You were not hungry.

You visited 1 branch of the dungeon, and saw 2 of its levels.
You visited the Abyss 1 time.

You collected 98 gold pieces.

Inventory:

Armour
 d - a +0 scale mail (worn)
Jewellery
 a - a +3 ring of evasion (right claw)
 f - a ring of protection from cold (left claw)
Wands
 h - a wand of disintegration (16)
Scrolls
 c - 2 scrolls of identify
 e - a scroll of amnesia {unknown}
 g - a scroll of remove curse
 l - a scroll of fog
Potions
 j - a potion of curing {unknown}
 k - a potion of mutation {unknown}
Comestibles
 b - 3 rations
 i - 3 chunks of flesh


   Skills:
 + Level 4.2 Fighting
 + Level 2.3 Armour
 + Level 1.0 Dodging
 + Level 3.3 Unarmed Combat
 * Level 2.4 Invocations


You had 3 spell levels left.
You didn't know any spells.

Dungeon Overview and Level Annotations

Branches:
Dungeon (2/15)

Altars:
Fedhas
Makhleb


Innate Abilities, Weirdness & Mutations

Your body is rotting away.
You thrive on raw meat.
You are immune to poison.
You have sharp fingernails.
You are carnivorous and can eat meat at any time.
Your flesh is cold resistant. (rC+)
You are immune to negative energy. (rN+++)
You do not regenerate when monsters are visible.
You are immune to unholy pain and torment.
You can survive without breathing.


Message History

The gnoll completely misses you.
You claw the gnoll!
You kill the gnoll!
Lugonu accepts your kill.
The jackal bites you but does no damage.
The gnoll hits you with a halberd of protection!
* * * LOW HITPOINT WARNING * * *
The jackal bites you but does no damage.
The jackal barely misses you.
Things that are here:
a spear; 9 gold pieces You scratch the gnoll but do no damage.
The gnoll hits you with a halberd of protection.
* * * LOW HITPOINT WARNING * * *
The jackal barely misses you. The jackal closely misses you.
You scratch the gnoll.
The gnoll is lightly wounded.
The jackal closely misses you. x2
The gnoll hits you with a halberd of protection.
You die...

###.........#
#.........#
#........
###...).....#
#.......
......#.#####
#.>....
#####.#.#####
#..... #..)....#
#.... ###
####..#..##.l..
..## ##.##...#h##
#..###
#..##..g@h#####
##...#
##....###.....#
###.# ##..##
#####.# #.###
#..## #..#
#...###..#
#####.##
###.##..<# #.....#
#.##.#.# #.#####
######......####.#
...#.....##......#


You could see a gnoll, a leopard gecko and 2 jackals.

Vanquished Creatures
  2 adders (D:2)
  A gnoll (D:2)
  An adder skeleton (D:2)
  A dart slug (D:1)
  A leopard gecko (D:2)
  5 bats
  2 giant cockroaches (D:1)
  5 goblins
  7 hobgoblins
  A jackal (D:2)
  2 ball pythons
  3 frilled lizards
  7 kobolds
  5 rats (D:1)
43 creatures vanquished.

Notes
Turn   | Place    | Note
-------+----------+-------------------------------------------
     0 | Abyss:1  | grizmgrazm2 the Ghoul Abyssal Knight began the quest for the Orb.
     0 | Abyss:1  | Reached XP level 1. HP: 19/19 MP: 1/1
    74 | Abyss:1  | Noticed an iron imp
    85 | D:1      | Escaped the Abyss
   197 | D:1      | Reached * piety under Lugonu
   197 | D:1      | Reached XP level 2. HP: 12/26 MP: 2/2
   636 | D:1      | Reached skill level 4 in Fighting
   683 | D:1      | Reached XP level 3. HP: 32/33 MP: 3/3
  1164 | D:2      | Reached ** piety under Lugonu
  1280 | D:2      | Reached XP level 4. HP: 39/40 MP: 4/4
  1281 | D:2      | Found a blossoming altar of Fedhas.
  1302 | D:2      | Found a burning altar of Makhleb.
  1302 | D:2      | Noticed a balrug
  1328 | D:2      | Reached skill level 1 in Dodging
  1362 | D:2      | HP: 1/40 [gnoll/halberd of protection (6)]
  1363 | D:2      | Slain by a gnoll

Vault maps used:
D:1:      evilmike_arrival_crescent
D:2:      makhleb_altar_promises_db, fedhas_altar_3

Skill      XL: |  1  2  3  4 |
---------------+-------------+-----
Armour         | 2 |  2.3
Fighting       | 4 |  4.2
Unarmed Combat | 3 |  3.3
Dodging        | 1 |  1.0
Invocations    | |  2.4

Action                   |  1- 3 |  4- 6 || total
-------------------------+-------+-------++-------
Melee: Unarmed           |   128 |    19 ||   147
       Punch             |     1 |       ||     1
Invok: Depart the Abyss  |     1 |       ||     1
  Use: Scroll            |     7 |       ||     7
       Potion            |     1 |       ||     1
  Eat: Chunk             |    11 |       ||    11
Armor: Scale mail        |    50 |    12 ||    62
Dodge: Dodged            |    64 |    20 ||    84

Table legend:
 A = Spawn XP
 B = Non-spawn XP
 C = Spawn XP percentage of total XP
 D = Spawn monster count
 E = Non-spawn monster count
 F = Spawn count percentage of total count
 G = Total turns spent on level
                    A         B        C        D         E        F      G
               +---------+---------+-------+---------+---------+-------+---------
         Total |       0 |     112 |   0.0 |       0 |      43 |   0.0 |  1363
               +---------+---------+-------+---------+---------+-------+---------
           D:1 |       0 |      43 |   0.0 |       0 |      26 |   0.0 |   979
           D:2 |       0 |      69 |   0.0 |       0 |      17 |   0.0 |   299
               +---------+---------+-------+---------+---------+-------+---------
